 Dungeon Crawl Stone Soup version 0.29.1-15-g9cfb28693d (webtiles) character file.

Game seed: 5069363174250403061

213 Gubbs the Twirler (level 6, -2/46 HPs)
             Began as a Human Gladiator on Mar 12, 2023.
             Slain by an orc
             ... wielding a +0 flail of protection
              (3 damage)
             ... on level 4 of the Dungeon.
             The game lasted 00:07:54 (3306 turns).

Gubbs the Twirler (Human Gladiator)                 Turns: 3306, Time: 00:07:55

Health: -2/46      AC:  6    Str: 16    XL:     6   Next: 14%
Magic:  8/8        EV: 12    Int:  9    God:
Gold:   142        SH:  0    Dex: 14    Spells: 8/8 levels left

rFire   . . .      SeeInvis .   a - +0 quarterstaff
rCold   . . .      Faith    .   (shield currently unavailable)
rNeg    . . .      Spirit   .   m - +0 ring mail
rPois   .          Reflect  .   c - +0 helmet
rElec   .          Harm     .   (no cloak)
rCorr   .          Rampage  .   (no gloves)
Will    .....                   (no boots)
Stlth   +.........              (no amulet)
HPRegen 0.15/turn               (no ring)
MPRegen 0.11/turn               (no ring)

@: no status effects
A: no striking features
a: no special abilities


You were on level 4 of the Dungeon.
You visited 1 branch of the dungeon, and saw 4 of its levels.

You collected 142 gold pieces.

Inventory:

Hand Weapons
 a - a +0 quarterstaff (weapon)
Missiles
 d - 3 throwing nets
 e - a javelin
 t - 24 stones (quivered)
Armour
 c - a +0 helmet (worn)
 j - a +0 scale mail
 m - a +0 ring mail (worn)
 v - a +0 buckler
Scrolls
 i - a scroll of fog {unknown}
 l - 4 scrolls of teleportation {unknown}
 p - a scroll of enchant armour {unknown}
 r - a scroll of immolation {unknown}
 u - 4 scrolls of poison {unknown}
Potions
 n - a potion of cancellation
 o - a potion of might {unknown}
 q - a potion of lignification {unknown}
 s - a potion of curing {unknown}
 w - a potion of flight {unknown}


   Skills:
 + Level 2.8 Fighting
 * Level 4.2 Staves
 - Level 2.0 Throwing
 * Level 2.6 Armour
 + Level 3.6 Dodging
 + Level 1.6 Spellcasting


You had 8 spell levels left.
You didn't know any spells.
Your spell library was empty.

Dungeon Overview and Level Annotations

Branches:
Dungeon (4/15)
 Temple: D:4-7

Altars:
Makhleb
Nemelex Xobeh

Annotations:
D:4 Pikel


Message History

Unknown command.
You feel much better. The quokka closely misses you.
The orc completely misses you.
The quokka bites you but does no damage.
You barely miss the orc.
The orc is lightly wounded.
The quokka bites you.
The orc hits you with a +0 flail of protection.
You closely miss the orc.
The orc is lightly wounded.
An orc wizard appears from thin air!
Reactivating autopickup.
The quokka closely misses you. The orc hits you but does no damage.
You barely miss the quokka.
You hear the rusting of a very distant drain.
The quokka bites you. The orc misses you. The quokka bites you.
You hit the orc but do no damage.
The orc is lightly wounded.
The orc hits you but does no damage.
The quokka bites you but does no damage.
You completely miss the orc.
The orc is lightly wounded.
The orc hits you with a +0 flail of protection.
* * * LOW HITPOINT WARNING * * *
The quokka barely misses you.
You hit the orc but do no damage.
The orc is lightly wounded.
The quokka barely misses you. The orc closely misses you.
You closely miss the orc.
The orc is lightly wounded.
The quokka twitches its whiskers.
The quokka closely misses you. The orc hits you but does no damage.
The quokka bites you.
* * * LOW HITPOINT WARNING * * *
You sock the quokka!
You kill the quokka!
The orc hits you with a +0 flail of protection.
* * * LOW HITPOINT WARNING * * *
The orc hits you with a +0 flail of protection.
You die...

.##...# o##...# .
o##...#### .
o##.o.5..## ##.
.##...##..# ..
.g..{.###g#######.#
###...# #.o....#..
#...# ###..#.#†#
##.## #.{#.#@# #.#
#....#o# #.#
#.##>oo# .#
#.##.### ...#.#
#######


You could see an orc wizard and 2 orcs.

Vanquished Creatures
  A water moccasin zombie (D:4)
  2 hounds
  4 adders
  An adder zombie (D:4)
  A worm (D:3)
  An orc (D:4)
  3 ball pythons
  5 bats
  5 endoplasms
  2 giant cockroaches
  5 goblins
  5 hobgoblins
  5 quokkas
  4 frilled lizards
  7 kobolds
  7 rats
58 creatures vanquished.

Vanquished Creatures (others)
  A withered plant (D:4)
1 creature vanquished.

Grand Total: 59 creatures vanquished

Notes
Turn   | Place    | Note
-------+----------+-------------------------------------------
     0 | D:1      | Gubbs the Human Gladiator began the quest for the Orb.
     0 | D:1      | Reached XP level 1. HP: 16/16 MP: 1/1
   136 | D:1      | Reached XP level 2. HP: 22/22 MP: 2/2
   418 | D:1      | Reached skill level 1 in Armour
   526 | D:1      | Reached XP level 3. HP: 27/27 MP: 3/3
  1290 | D:2      | Reached XP level 4. HP: 34/34 MP: 5/5
  1357 | D:2      | Reached skill level 1 in Spellcasting
  1747 | D:3      | Reached XP level 5. HP: 18/39 MP: 6/6
  2087 | D:3      | Found a burning altar of Makhleb.
  2740 | D:3      | Found a sparkling altar of Nemelex Xobeh.
  3044 | D:4      | Reached skill level 4 in Staves
  3213 | D:4      | Noticed a lemure
  3213 | D:4      | Noticed a lemure
  3213 | D:4      | Noticed a lemure
  3215 | D:4      | Noticed Pikel
  3224 | D:4      | Noticed a lemure
  3278 | D:4      | Reached XP level 6. HP: 22/46 MP: 8/8
  3306 | D:4      | HP: 1/46 [orc/+0 flail of protection (5)]
  3306 | D:4      | Slain by an orc

Illustrated notes

Levels and vault maps discovered:
D:1:      minmay_arrival_cross, layout_basic
D:2:      layout_loops_ring, wad_floor_pattern_untrapped
D:3:      layout_loops_corners, bloody_makhleb, mainiacjoe_overflow_alcove_1,
          serial_bayou, serial_bayou_pond_e, serial_bayou_shore_b,
          serial_bayou_pond_d, serial_bayou_crossing, grunt_ministairs_4,
          amcnicky_mini_rare_corridor_liquid
D:4:      gammafunk_wand_slinger, layout_basic, serial_undead, serial_undead_d,
          serial_undead_b, serial_undead_b, serial_undead_f,
          portal_sewer_entry_e, uniq_blork_the_orc, uniq_grinder, uniq_ijyb,
          uniq_pikel

Skill      XL: |  1  2  3  4  5 |
---------------+----------------+-----
Armour         | 1 2 |  2.6
Spellcasting   | 1 |  1.6
Staves         | 4 |  4.2
Fighting       | |  2.8
Throwing       | |  2.0
Dodging        | |  3.6

Action                   |  1- 3 |  4- 6 || total
-------------------------+-------+-------++-------
Melee: Quarterstaff      |    93 |   108 ||   201
Throw: Stone             |     3 |     4 ||     7
  Use: Scroll            |       |     4 ||     4
       Potion            |       |     2 ||     2
Armor: Leather armour    |    15 |       ||    15
       Ring mail         |    10 |    62 ||    72
Dodge: Dodged            |    63 |    90 ||   153
